 Dungeon Crawl Stone Soup version 0.28.0-45-g0d030f2227 (webtiles) character file.

Game seed: 11835314412573899211

96 psko the Magician (level 4, -1/21 HPs)
             Began as a Spriggan Conjurer on Apr 4, 2022.
             Was a Follower of Okawaru.
             Slain by a gnoll
             ... wielding a +0 halberd of protection
              (17 damage)
             ... on level 2 of the Dungeon.
             The game lasted 00:16:54 (2417 turns).

psko the Magician (Spriggan Conjurer)               Turns: 2417, Time: 00:16:55

Health: -1/21      AC:  2    Str:  5    XL:     4   Next: 41%
Magic:  7/11       EV: 21    Int: 19    God:    Okawaru [*.....]
Gold:   41         SH:  0    Dex: 13    Spells: 10/11 levels left

rFire   . . .      SeeInvis +   e - +0 dagger
rCold   . . .      Faith    .   (no shield)
rNeg    . . .      Spirit   .   a - +0 robe
rPois   .          Reflect  .   (helmet restricted)
rElec   .          Harm     .   (no cloak)
rCorr   .          Rampage  .   (gloves unavailable)
Will    .....                   (boots unavailable)
Stlth   ++........              (no amulet)
HPRegen 0.07/turn               d - +4 ring of evasion
MPRegen 0.12/turn               (no ring)

@: very quick
A: very small, no large weapons, unfitting armour, see invisible, speed 3
a: Renounce Religion, Heroism


You were on level 2 of the Dungeon.
You worshipped Okawaru.
Okawaru was aware of your devotion.
You visited 1 branch of the dungeon, and saw 3 of its levels.

You collected 69 gold pieces.
You spent 28 gold pieces at shops.

Inventory:

Hand Weapons
 e - a +0 dagger (weapon)
 g - a +0 short sword of draining
Armour
 a - a +0 robe (worn)
Jewellery
 d - a +4 ring of evasion (left hand)
Scrolls
 f - a scroll of fog
 h - a scroll of magic mapping
 i - a scroll of torment
Potions
 b - a potion of curing
 c - a potion of berserk rage


   Skills:
 + Level 2.9 Dodging
 + Level 3.5 Stealth
 + Level 4.2 Spellcasting
 + Level 3.7 Conjurations


You had 10 spell levels left.
You knew the following spells:

 Your Spells              Type           Power      Damage    Failure   Level
a - Magic Dart            Conj           72%        1d6       3%          1

Your spell library contained the following spells:

 Spells                   Type           Power      Damage    Failure   Level
 Searing Ray              Conj           36%        2d5       4%          2
 Beastly Appendage        Tmut           8%         N/A       14%         1
 Dazzling Flash           Conj/Hex       22%        N/A       19%         3
 Wereblood                Tmut           4%         N/A       21%         2
 Spider Form              Tmut/Pois      4%         N/A       38%         3
 Fulminant Prism          Conj/Hex       5%         3d7       52%         4
 Iskenderun's Mystic Bla  Conj/Tloc      11%        2d4       52%         4


Dungeon Overview and Level Annotations

Branches:
Dungeon (3/15)

Altars:
Okawaru

Shops:
D:2 ?


Innate Abilities, Weirdness & Mutations

You are very small and have problems with some larger weapons.
You are too small for most types of armour.
You have supernaturally acute eyesight. (SInv)
You cover ground extremely quickly. (Speed+++)


Message History

There is a stone staircase leading down here.
You climb downwards.
The gnoll shouts! x3
Found a scroll of identify and a ring mail.
There is a stone staircase leading up here.
The gnoll closely misses you.
You climb upwards.
There is a stone staircase leading down here.
The gnoll hits you from afar with a +0 halberd of protection.
Casting: Magic Dart (safe; 3% risk of failure)
Confirm with . or Enter, or press ? or * to list all spells.
Aiming: Magic Dart (safe; 3% risk of failure)
Press: ? - help, Shift-Dir - straight line, f - gnoll
Aim: a gnoll, wielding a +0 halberd of protection (100% to hit)
The magic dart hits the gnoll.
The gnoll is moderately wounded.
Casting: Magic Dart (safe; 3% risk of failure)
Confirm with . or Enter, or press ? or * to list all spells.
Aiming: Magic Dart (safe; 3% risk of failure)
Press: ? - help, Shift-Dir - straight line, f/p - gnoll
Aim: a gnoll, wielding a +0 halberd of protection (moderately wounded, 100% to hit)
The magic dart hits the gnoll but does no damage.
The gnoll is moderately wounded.
Casting: Magic Dart (safe; 3% risk of failure)
Confirm with . or Enter, or press ? or * to list all spells.
Aiming: Magic Dart (safe; 3% risk of failure)
Press: ? - help, Shift-Dir - straight line, f/p - gnoll
Aim: a gnoll, wielding a +0 halberd of protection (moderately wounded, 100% to hit)
The magic dart hits the gnoll but does no damage.
The gnoll is moderately wounded.
Casting: Magic Dart (safe; 3% risk of failure)
Confirm with . or Enter, or press ? or * to list all spells.
Aiming: Magic Dart (safe; 3% risk of failure)
Press: ? - help, Shift-Dir - straight line, f/p - gnoll
Aim: a gnoll, wielding a +0 halberd of protection (moderately wounded, 100% to hit)
The magic dart hits the gnoll but does no damage.
The gnoll is moderately wounded.
The gnoll hits you from afar with a +0 halberd of protection!
Ouch! That really hurt!
You die...

#....# #....#
#############[...###
#######........)##.....#..
#...............##.....#..
#...............').....'..
#...............##.....#..
#...............##....##..
#......g.@......##....##..
#.##......#####.......##..
#.##.......# #.......##.#
#.##)......####...#......#
#>.....)......'...'.......
##.##......####...#.......
#.##.......# #####......#
#.##.......#########'##..
#.##..####.##........####


You could see a gnoll.

Vanquished Creatures
  Robin (D:1)
  An adder (D:2)
  4 gnolls (D:2)
  A dart slug (D:2)
  3 ball pythons
  2 endoplasms (D:2)
  12 goblins
  4 hobgoblins (D:2)
  3 jackals (D:1)
  A kobold (D:2)
  A bat (D:1)
  3 frilled lizards
  A rat (D:1)
37 creatures vanquished.

Notes
Turn   | Place    | Note
-------+----------+-------------------------------------------
     0 | D:1      | psko the Spriggan Conjurer began the quest for the Orb.
     0 | D:1      | Reached XP level 1. HP: 9/9 MP: 5/5
   411 | D:1      | Found a faded altar of an unknown god.
   425 | D:1      | Prayed at the altar of an unknown god.
   425 | D:1      | Became a worshipper of Warmaster Okawaru
   425 | D:1      | Reached * piety under Okawaru
   652 | D:1      | Reached XP level 2. HP: 5/13 MP: 2/6
   941 | D:2      | Noticed Robin
  1152 | D:1      | Killed Robin
  1153 | D:1      | Reached XP level 3. HP: 5/16 MP: 0/8
  1208 | D:2      | Reached skill level 3 in Spellcasting
  1727 | D:2      | Reached skill level 4 in Spellcasting
  1727 | D:2      | Reached XP level 4. HP: 21/21 MP: 1/11
  1861 | D:2      | Found Ybro's Magic Scroll Emporium.
  1982 | D:2      | Bought a scroll of identify for 28 gold pieces
  2417 | D:2      | Slain by a gnoll

Illustrated notes

Levels and vault maps discovered:
D:1:      matt_arrival_spirals, layout_basic, ebering_ecumenical_altar_rust
D:2:      layout_basic, serial_shops, nicolae_shop_stone, uniq_robin
D:3:      layout_basic, uniq_ijyb

Skill      XL: |  1  2  3 |
---------------+----------+-----
Conjurations   | 3 |  3.7
Spellcasting   | 4 |  4.2
Dodging        | |  2.9
Stealth        | |  3.5

Action                   |  1- 3 |  4- 6 || total
-------------------------+-------+-------++-------
Melee: Dagger            |    26 |     6 ||    32
 Cast: Magic Dart        |    65 |    23 ||    88
  Use: Scroll            |       |     5 ||     5
Armor: Robe              |     3 |       ||     3
Dodge: Dodged            |    47 |     9 ||    56
